 Dungeon Sprint DCSS version 0.30-a0-591-g3c58d2bc28 (webtiles) character file.

Game seed: 17658882497052036431

50039 BigDaddyOpFi the End of an Era (level 14, -4/149 HPs)
             Began as a Hill Orc Fighter on Jan 5, 2023.
             Was the Champion of Qazlal.
             Killed from afar by a fire giant (48 damage)
             ... with a fireball
             ... in the Dungeon (Sprint IX: "|||||||||||||||||||||||||||||").
             The game lasted 00:08:30 (4259 turns).

BigDaddyOpFi the End of an Era (Hill Orc Fighter)   Turns: 4259, Time: 00:08:31

Health: -4/149     AC: 30    Str: 36    XL:     14   Next: 53%
Magic:  20/30      EV: 26    Int:  8    God:    Qazlal [******]
Gold:   1149       SH: 17    Dex: 14    Spells: 13/13 levels left

rFire   . . .      SeeInvis .    m - +5 broad axe (heavy)
rCold   . . .      Faith    .    c - +0 buckler
rNeg    + . .      Spirit   .    o - +1 plate armour
rPois   .          Reflect  .    l - +2 hat {Stlth+}
rElec   .          Harm     .    A - +1 cloak
rCorr   .          Rampage  .    n - +0 pair of gloves
Will    ++...      NoTele   +    B - +2 pair of boots "Biulud" {Str+2 Dex+4} Stlth
                                 r - amulet "Qeif" {Acrobat rN+ Will+ Str+4}
HPRegen 0.44/turn                p - +2 ring of evasion
MPRegen 0.22/turn                w - +6 ring of strength

@: acrobatic, repel missiles
A: no striking features
a: Renounce Religion, Upheaval, Elemental Force, Disaster Area


You were in the Dungeon.
You worshipped Qazlal.
Qazlal was exalted by your worship.
You visited 1 branch You collected 1149 gold pieces.

Inventory:

Hand Weapons
 f - a +2 war axe of electrocution
 m - a +5 heavy broad axe (weapon)
Armour
 c - a +0 buckler (worn)
 l - a +2 hat of stealth (worn)
 n - a +0 pair of gloves (worn)
 o - a +1 plate armour (worn)
 A - a +1 cloak (worn)
 B - the +2 pair of boots "Biulud" (worn) {Str+2 Dex+4}
   (You found it in the Dungeon)

   Str:       It affects your strength (+2).
   Dex:       It affects your dexterity (+4).
Jewellery
 p - a +2 ring of evasion (left hand)
 q - a +2 ring of protection
 r - the amulet "Qeif" (around neck) {Acrobat rN+ Will+ Str+4}
   (You found it in the Dungeon)

   [amulet of the acrobat]

   It increases your evasion while moving and waiting.
   Str:       It affects your strength (+4).
   rN:        It protects you from negative energy.
   Will:      It increases your willpower.
 w - a +6 ring of strength (right hand)
 x - a ring of willpower
 y - a ring of willpower
 z - a ring of protection from cold
Scrolls
 j - a scroll of blinking
 k - 2 scrolls of amnesia
 s - 4 scrolls of identify
 u - 2 scrolls of fear
 v - a scroll of fog
 C - 2 scrolls of enchant armour
Potions
 a - 2 potions of might
 b - a potion of brilliance
 d - a potion of invisibility
 e - 7 potions of curing
 g - 2 potions of haste
 h - 3 potions of magic
 i - 2 potions of berserk rage


   Skills:
 + Level 20.7 Fighting
 + Level 22.2 Axes
 + Level 19.2 Armour
 + Level 19.2 Shields
 * Level 25.8 Invocations


You had 13 spell levels left.
You didn't know any spells.
Your spell library was empty.

Dungeon Overview and Level Annotations

Branches:
Dungeon (1/1)

Altars:
Cheibriados
Dithmenos
Elyvilon
Fedhas
Gozag
Hepliaklqana
Kikubaaqudgha
Makhleb
Nemelex Xobeh
Okawaru
Qazlal
Ru
Sif Muna
Trog
Uskayaw
Vehumet
Wu Jian
Xom
Yredelemnul
Zin
The Shining One
Beogh
Jiyva
Lugonu

Shops:
D ?(**


Message History

The fire giant shouts!
The ice dragon breathes frost at you. The blast of cold hits you!!!
You feel protected from cold.
Things that are here:
5 large rocks; a stone giant corpse You see here 2 large rocks.
There is an open door to the Dungeon, spattered with blood here.
The ice dragon breathes frost at you. The blast of cold hits you!! You resist.
* * * LOW HITPOINT WARNING * * *
You feel better.
There is an open door to the Dungeon, spattered with blood here.
You hear a shout!
The ice dragon breathes frost at you. The blast of cold hits you. You resist.
* * * LOW HITPOINT WARNING * * *
You see here 2 large rocks.
You carve the ice dragon like a ham!!!
You kill the ice dragon!
Qazlal accepts your kill.
You hear a shout!
Things that are here:
5 large rocks; a stone giant corpse A fire giant is nearby!
You see here 2 large rocks.
There is an open door to the Dungeon, spattered with blood here.
You start resting.
Your protection from cold is fading.
You close the door.
You start resting.
You feel less protected from cold.
You start resting.
A fire giant opens the door.
It is wielding a +0 great sword of flaming.
A fire giant is nearby!
The fire giant gestures at you while chanting.
The bolt of fire misses you.
The fire giant points at you and mumbles some strange words.
The fireball explodes!
The fireball engulfs you!!!
You die...

,*,*,*,*,*,*,*,▓.▓.▓.▓.▓'▓.▓.▓.▓!
,*,*+*,*,*,*,*,▓.▓.▓.▓.▓.▓.▓.▓.▓.
,*,*,*,*,*,*,*,▓.▓.▓.▓.▓.▓.▓.▓.▓.
,*,*,*,*,*,*+*,▓.▓.▓.▓.▓.▓.▓.▓.▓.
,*,*,*,*,*,*,*,▓.▓.▓.▓.▓.▓.▓)▓.▓.
,*,*,*,*,*,*,*,▓.▓.▓.▓.▓.▓.▓)▓.▓.
,*,*,*,*,*,*,*,▓.▓.▓†▓.▓)▓.▓)▓.▓.
,*,*,*,*,*,*,*,▓.▓.▓†▓.▓)▓.▓)▓.▓.
,*,*,*,*,*,*,*,▓@▓.▓†▓.▓)▓.▓)▓.▓÷
,*,*,*,*,*,*,*,▓C▓.▓†▓.▓)▓.▓.▓.▓÷
,*,*,*,*,*,*,*,▓(▓.▓.▓.▓)▓.▓.▓.▓.
,*,*,*,*,*,*,*,▓)▓.▓.▓.▓)▓.▓.▓.▓.
,*,*,*,*+*,*,*,▓.▓.▓†▓.▓)▓.▓.▓.▓÷
,*,*,*,*,*,*,*,▓)▓.▓.▓.▓)▓.▓.▓.▓÷
,*,*,*,*,*,*,*,▓)▓.▓.▓.▓.▓.▓.▓.▓÷
,*,*,*,*,*,*,*,▓.▓)▓.▓.▓[▓.▓.▓.▓.
,*,*,*,*,*,*,*,▓≈▓.▓'▓.▓[▓.▓.▓.▓.


You could see a fire giant.

Vanquished Creatures
  Rupert (D)
  A lich (D)
  Frances (D)
  Gastronok (D)
  A fire giant (D)
  2 frost giants (D)
  A ghost moth (D)
  3 very ugly things (D)
  3 stone giants (D)
  Azrael (D)
  A spark wasp (D)
  2 bunyips (D)
  An entropy weaver (D)
  A salamander tyrant (D)
  An ice dragon (D)
  An anaconda (D)
  A spriggan air mage (D)
  2 hydras (D)
  A rakshasa (D)
  A ghost crab (D)
  An alligator snapping turtle (D)
  2 radroaches (D)
  A boulder beetle (D)
  A deep troll shaman (D)
  An alligator (D)
  A deep troll earth mage (D)
  A two-headed ogre (D)
  A vampire mage (D)
  Urug (D)
  A naga sharpshooter (D)
  A sea snake (D)
  2 spriggan druids (D)
  8 orc knights (D)
  A harpy (D)
  A wizard (D)
  A deep elf pyromancer (D)
  A wolf spider (D)
  2 ugly things (D)
  A moth of wrath (shapeshifter) (D)
  A cyclops (D)
  3 manticores (D)
  A merfolk siren (D)
  7 black mambas (D)
  2 torpor snails (D)
  A naga mage (D)
  4 cane toads (D)
  An unseen horror (shapeshifter) (D)
  A komodo dragon (D)
  An unseen horror (D)
  A kobold demonologist (D)
  An efreet (D)
  4 merfolk (D)
  A bloated husk (D)
  6 polar bears (D)
  A culicivora (D)
  A shadow (D)
  A jumping spider (D)
  A hog (shapeshifter) (D)
  2 basilisks (D)
  A wraith (D)
  4 fire elementals (D)
  A vampire mosquito (D)
  2 hell hounds (D)
  2 water moccasins (D)
  20 orc warriors (D)
  An ice beast (D)
  5 black bears (D)
  3 bullfrogs (D)
  A necrophage (D)
  A killer bee (D)
  2 orc priests (D)
  A hound (D)
  4 orc wizards (D)
  A gnoll (D)
  An adder (D)
  An ufetubus (D)
  6 orcs (D)
  A giant cockroach (D)
  A goblin (D)
  A frilled lizard (D)
  A rat (D)
158 creatures vanquished.

Vanquished Creatures (others)
  An eleionoma (D)
  An alligator (D)
  An unseen horror (shapeshifter) (D)
3 creatures vanquished.

Grand Total: 161 creatures vanquished

Notes
Turn   | Place    | Note
-------+----------+-------------------------------------------
     0 | D        | BigDaddyOpFi the Hill Orc Fighter began the quest for the
                  | Orb.
     0 | D        | Reached XP level 1. HP: 19/19 MP: 1/1
    15 | D        | Reached XP level 2. HP: 25/28 MP: 2/2
    27 | D        | Noticed a necrophage
    27 | D        | Noticed an ice beast
    32 | D        | Killed a necrophage
    33 | D        | Reached skill level 5 in Axes
    33 | D        | Reached skill level 5 in Armour
    33 | D        | Reached skill level 5 in Shields
    33 | D        | Reached XP level 3. HP: 37/37 MP: 3/3
    33 | D        | Reached XP level 4. HP: 44/44 MP: 4/4
    51 | D        | Killed an ice beast
    52 | D        | Reached XP level 5. HP: 42/53 MP: 5/5
    59 | D        | Found a roughly hewn altar of Beogh.
    59 | D        | Found a snail-covered altar of Cheibriados.
    59 | D        | Found a shadowy altar of Dithmenos.
    59 | D        | Found a white marble altar of Elyvilon.
    59 | D        | Found a blossoming altar of Fedhas.
    59 | D        | Found an opulent altar of Gozag.
    60 | D        | Found a hazy altar of Hepliaklqana.
    61 | D        | Found a viscous altar of Jiyva.
    62 | D        | Found an ancient bone altar of Kikubaaqudgha.
    63 | D        | Found a corrupted altar of Lugonu.
    64 | D        | Found a burning altar of Makhleb.
    65 | D        | Found a sparkling altar of Nemelex Xobeh.
    66 | D        | Found an iron altar of Okawaru.
    67 | D        | Found a stormy altar of Qazlal.
    68 | D        | Found a sacrificial altar of Ru.
    69 | D        | Found a shimmering blue altar of Sif Muna.
    70 | D        | Found a bloodstained altar of Trog.
    71 | D        | Found a hide-covered altar of Uskayaw.
    72 | D        | Found a radiant altar of Vehumet.
    73 | D        | Found an ornate altar of the Wu Jian Council.
    74 | D        | Found a shimmering altar of Xom.
    75 | D        | Became a worshipper of Qazlal Stormbringer
   189 | D        | Found a basalt altar of Yredelemnul.
   190 | D        | Found a glowing silver altar of Zin.
   191 | D        | Found a glowing golden altar of the Shining One.
   244 | D        | Noticed a two-headed ogre
   244 | D        | Noticed a kobold demonologist
   244 | D        | Noticed an orc warrior
   244 | D        | Noticed a shadow
   246 | D        | Reached XP level 6. HP: 37/61 MP: 6/6
   248 | D        | Killed a two-headed ogre
   249 | D        | Reached skill level 10 in Fighting
   249 | D        | Reached XP level 7. HP: 21/73 MP: 7/7
   253 | D        | Killed an unseen horror
   253 | D        | Reached * piety under Qazlal
   254 | D        | Reached skill level 10 in Armour
   254 | D        | Reached skill level 10 in Shields
   254 | D        | Reached XP level 8. HP: 53/82 MP: 8/8
   254 | D        | Noticed a rust devil
   259 | D        | Killed a kobold demonologist
   263 | D        | Killed a shadow
   263 | D        | Reached ** piety under Qazlal
   394 | D        | Noticed an efreet
   394 | D        | Noticed a deep elf pyromancer
   394 | D        | Noticed a yaktaur
   394 | D        | Noticed a manticore
   394 | D        | Noticed a wraith
   394 | D        | Noticed a cyclops
   397 | D        | Killed an efreet
   398 | D        | Reached skill level 3 in Invocations
   398 | D        | Reached XP level 9. HP: 50/91 MP: 8/11
   401 | D        | a yaktaur changed into something unseen
   404 | D        | Killed an unseen horror
   406 | D        | Killed a deep elf pyromancer
   407 | D        | Reached skill level 6 in Invocations
   412 | D        | Killed a manticore
   413 | D        | Reached skill level 7 in Invocations
   415 | D        | Reached *** piety under Qazlal
   425 | D        | Killed a cyclops
   426 | D        | Reached skill level 8 in Invocations
   806 | D        | Got the amulet "Qeif" {Acrobat rN+ Will+ Str+4}
   826 | D        | Noticed a polar bear
   826 | D        | Noticed a cane toad
   826 | D        | Noticed a cane toad
   828 | D        | Noticed a five-headed hydra
   832 | D        | Reached skill level 9 in Invocations
   832 | D        | Reached XP level 10. HP: 101/101 MP: 16/16
   832 | D        | Reached **** piety under Qazlal
   840 | D        | Killed a cane toad
   845 | D        | Reached skill level 10 in Invocations
   849 | D        | Killed a nine-headed hydra
   849 | D        | Killed a cane toad
   850 | D        | Reached skill level 15 in Axes
   850 | D        | Reached skill level 11 in Invocations
  1091 | D        | Noticed a cane toad
  1092 | D        | Reached ***** piety under Qazlal
  1093 | D        | Noticed a black mamba
  1093 | D        | Noticed a black mamba
  1098 | D        | Reached skill level 12 in Invocations
  1099 | D        | Noticed a cane toad
  1106 | D        | Killed a cane toad
  1116 | D        | Killed a black mamba
  1117 | D        | Reached skill level 13 in Invocations
  1117 | D        | Reached XP level 11. HP: 93/111 MP: 20/20
  1376 | D        | Reached skill level 14 in Invocations
  1377 | D        | Reached ****** piety under Qazlal
  1378 | D        | Reached skill level 15 in Fighting
  2023 | D        | Reached skill level 15 in Invocations
  2148 | D        | Found Omaes's Magic Scroll Emporium.
  2148 | D        | Noticed an orc knight
  2148 | D        | Noticed an orc knight
  2148 | D        | Noticed an orc knight
  2148 | D        | Noticed an orc knight
  2149 | D        | Killed an orc knight
  2149 | D        | Noticed an orc knight
  2150 | D        | Killed an orc knight
  2152 | D        | Killed an orc knight
  2153 | D        | Reached skill level 16 in Invocations
  2153 | D        | Noticed an orc knight
  2172 | D        | Killed an orc knight
  2172 | D        | Killed an orc knight
  2172 | D        | Killed an orc knight
  2236 | D        | Found Olyh Cil's Antique Weapon Shoppe.
  2239 | D        | Found Azietz's General Store.
  2243 | D        | Found Xolufi's General Store.
  2246 | D        | Noticed an orc knight
  2255 | D        | Killed an orc knight
  2256 | D        | Reached skill level 15 in Armour
  2256 | D        | Reached skill level 15 in Shields
  2256 | D        | Reached skill level 17 in Invocations
  2256 | D        | Reached XP level 12. HP: 122/122 MP: 24/24
  2506 | D        | Noticed Urug
  2515 | D        | Killed Urug
  2553 | D        | Noticed Gastronok
  2562 | D        | Killed Gastronok
  2760 | D        | Got the +2 pair of boots "Biulud" {Str+2 Dex+4}
  2792 | D        | Noticed an eight-headed hydra
  2792 | D        | Noticed a boulder beetle
  2795 | D        | Killed a boulder beetle
  2796 | D        | Reached skill level 18 in Invocations
  2798 | D        | Killed an 11-headed hydra
  2799 | D        | Noticed a deep troll earth mage
  2800 | D        | Noticed a rakshasa
  2802 | D        | Noticed a stone giant
  2804 | D        | Noticed a cyan very ugly thing
  2805 | D        | Reached skill level 19 in Invocations
  2806 | D        | Killed a rakshasa
  2806 | D        | Killed a deep troll earth mage
  2809 | D        | Noticed a fire giant
  2811 | D        | Killed a stone giant
  2811 | D        | Noticed a spriggan air mage
  2812 | D        | Killed a cyan very ugly thing
  2817 | D        | Killed a fire giant
  2818 | D        | Reached skill level 20 in Invocations
  2820 | D        | Killed a spriggan air mage
  3003 | D        | Noticed a vampire mage
  3013 | D        | Killed a vampire mage
  3014 | D        | Reached XP level 13. HP: 125/134 MP: 27/27
  3069 | D        | Noticed Frances
  3079 | D        | Killed Frances
  3188 | D        | Noticed an entropy weaver
  3197 | D        | Killed an entropy weaver
  3197 | D        | Killed a ghost moth
  3198 | D        | Reached skill level 21 in Invocations
  3368 | D        | Reached skill level 22 in Invocations
  3579 | D        | Reached skill level 23 in Invocations
  3765 | D        | Noticed a bunyip
  3765 | D        | Noticed an eleionoma
  3765 | D        | Noticed a bunyip
  3767 | D        | Killed a bunyip
  3768 | D        | Killed an eleionoma
  3773 | D        | Killed a bunyip
  3782 | D        | Reached XP level 14. HP: 138/146 MP: 12/29
  4049 | D        | Noticed Rupert
  4060 | D        | Killed Rupert
  4061 | D        | Reached skill level 24 in Invocations
  4152 | D        | Noticed Azrael
  4161 | D        | Killed Azrael
  4209 | D        | Noticed a red very ugly thing
  4209 | D        | Noticed a stone giant
  4209 | D        | Noticed a stone giant
  4209 | D        | Noticed a frost giant
  4213 | D        | Noticed a lich
  4215 | D        | Killed a red very ugly thing
  4218 | D        | Noticed a green very ugly thing
  4219 | D        | Killed a frost giant
  4219 | D        | Killed a stone giant
  4219 | D        | Killed a green very ugly thing
  4219 | D        | Killed a lich
  4220 | D        | Reached skill level 25 in Invocations
  4221 | D        | Noticed a frost giant
  4222 | D        | Killed a stone giant
  4225 | D        | Killed a frost giant
  4230 | D        | Noticed a fire giant
  4259 | D        | Killed from afar by a fire giant

Illustrated notes

Levels and vault maps discovered:
D:        linesprint [early_d, line_temple, items_1, d_10, items_2, lair_1,
          lair_end, items_3, orc_1, orc_end, items_4, d_15, swamp_1, shoals_1,
          snake_1, spider_1, d_20, vaults_1, items_5, swamp_end, shoals_end,
          snake_end, spider_end, vaults_end, d_27, items_6, zot_1, zot_end,
          crypt_end, forest_end, elf_end, slime_end, tomb_end, abyss_end,
          pan_hell_end]

Skill      XL: |  1  2  3  4  5  6  7  8  9 10 11 12 13 14 |
---------------+-------------------------------------------+-----
Axes           | 4 5 7 8 11 13 14 15 17 19 21 22 | 22.2
Fighting       | 4 6 7 8 10 11 12 13 14 16 17 19 20 | 20.7
Armour         | 4 5 7 9 10 11 12 13 15 16 18 19 | 19.2
Shields        | 4 5 7 9 10 11 12 13 15 16 18 19 | 19.2
Invocations    | 3 9 13 17 20 23 25 | 25.8

Action                   |  1- 3 |  4- 6 |  7- 9 | 10-12 | 13-15 || total
-------------------------+-------+-------+-------+-------+-------++-------
Melee: War axe           |    20 |    20 |       |       |       ||    40
       Broad axe         |       |     2 |    39 |   184 |    76 ||   301
Invok: Upheaval          |       |       |       |     3 |     2 ||     5
       Disaster Area     |       |       |       |     4 |     7 ||    11
Evoke: Wand              |       |     2 |     4 |     4 |       ||    10
  Use: Potion            |     1 |       |     2 |     3 |     2 ||     8
       Scroll            |       |       |     2 |     5 |       ||     7
Armor: Scale mail        |     2 |    16 |       |       |       ||    18
       Plate armour      |       |     1 |    29 |   128 |    13 ||   171
Dodge: Dodged            |    14 |     6 |     9 |    87 |    21 ||   137
       Repelled          |       |       |       |     1 |       ||     1
Block: Buckler           |     5 |     6 |    13 |   139 |    42 ||   205

Table legend: (Time is in decaauts)
 A = Elapsed time spent in this place.
 B = Non-inter-level travel time spent in this place.
 C = Inter-level travel time spent in this place.
 D = Time resting spent in this place.
 E = Time spent auto-exploring this place.
 F = Levels seen in this place.
 G = Mean time per level.
                   A        B        C        D        E       F      G
               +--------+--------+--------+--------+--------+-----+--------+
         Total |   4322 |   4322 |      0 |   2936 |      0 |   1 | 4322.0 |
       Dungeon |   4322 |   4322 |      0 |   2936 |      0 |   1 | 4322.0 |
               +--------+--------+--------+--------+--------+-----+--------+

Top non-repeatable levels by time:
       D: 4322 daAuts
